 Dungeon Crawl Stone Soup version 0.30-a0-883-g5ad918d77d (webtiles) character file.

Game seed: 8388825945293321107

288 FallingFreak the Trooper (level 6, -6/52 HPs)
             Began as a Ghoul Warper on Mar 17, 2023.
             Mangled by an ogre
             ... wielding a +0 giant club
              (28 damage)
             ... on level 4 of the Dungeon.
             The game lasted 00:23:57 (6839 turns).

FallingFreak the Trooper (Ghoul Warper)             Turns: 6839, Time: 00:23:57

Health: -6/52      AC:  4    Str: 15    XL:     6   Next: 31%
Magic:  18/18      EV: 11    Int: 13    God:
Gold:   181        SH:  0    Dex:  8    Spells: 3/10 levels left

rFire   . . .      SeeInvis .    a - +9 hand axe "Qaczip" {freeze, Int+3 Stlth+}
rCold   + . .      Faith    .    (no shield)
rNeg    + + +      Spirit   .    b - +0 leather armour
rPois   ∞          Reflect  .    (no helmet)
rElec   .          Rampage  .    r - scarf {shadows}
rCorr   .                        (no gloves)
Will    .....                    i - +0 pair of boots
Stlth   ++                       (no amulet)
HPRegen 0.00/turn                m - ring of magical power
MPRegen 0.16/turn                (no ring)

@: inhibited regen
A: claws 1, cold resistance 1, negative energy resistance 3, inhibited
regeneration, torment resistance 2, devour on kill
a: no special abilities


You were on level 4 of the Dungeon.
You visited 1 branch of the dungeon, and saw 6 of its levels.

You collected 181 gold pieces.

Inventory:

Hand Weapons
 a - the +9 hand axe "Qaczip" (weapon) {freeze, Int+3 Stlth+}
   (You found it on level 3 of the Dungeon)

   Int:       It affects your intelligence (+3).
   Stlth:     It makes you more stealthy.
 w - a +0 spear
Missiles
 x - 7 boomerangs of dispersal {!f}
 y - 3 poisoned darts (quivered)
Armour
 b - a +0 leather armour (worn)
 i - a +0 pair of boots (worn)
 r - a scarf of shadows (worn)
 s - a +0 ring mail
Magical Staves
 l - a staff of death {@w7!a}
Jewellery
 m - a ring of magical power (left claw)
Wands
 o - a wand of flame (21)
Scrolls
 c - 2 scrolls of silence {unknown}
 e - a scroll of torment {unknown}
 h - 3 scrolls of teleportation {unknown}
 j - 2 scrolls of identify {unknown}
 p - a scroll of immolation {unknown}
 q - a scroll of amnesia {unknown}
 v - a scroll of poison {unknown}
 z - a scroll of vulnerability {unknown}
Potions
 d - 3 potions of haste
 g - 2 potions of mutation {unknown}
 k - 2 potions of lignification {unknown}
 n - a potion of heal wounds {unknown}
 t - 2 potions of curing {unknown}
 u - a potion of resistance {unknown}


   Skills:
 + Level 3.7 Fighting
 + Level 1.3(2.1) Axes
 - Level 2.4(2.6) Polearms
 - Level 0.8 Throwing
 + Level 2.5 Armour
 - Level 1.7 Dodging
 + Level 2.9 Spellcasting
 + Level 3.5 Translocations


You had 3 spell levels left.
You knew the following spells:

 Your Spells              Type           Power      Damage    Failure   Level
c - Blink                 Tloc           22%        N/A       10%         2
A - Teleport Other        Tloc           11%        N/A       21%         3
Z - Lesser Beckoning      Tloc           22%        N/A       10%         2

Your spell library contained the following spells:

 Spells                   Type           Power      Damage    Failure   Level
 Foxfire                  Conj/Fire      4%         2x1d4     28%         1
 Necrotise                Necr           4%         1d4       28%         1
 Vhi's Electric Charge    Tloc/Air       12%        N/A       38%         3
 Tukima's Dance           Hex            1%         N/A       65%         3
 Vampiric Draining        Necr           1%         2d6       65%         3
 Manifold Assault         Tloc           11%        N/A       54%         4
 Passage of Golubria      Tloc           11%        N/A       54%         4
 Agony                    Necr           1%         N/A       100%        5
 Fireball                 Conj/Fire      0%         3d3       100%        5
 Yara's Violent Unravell  Hex/Tmut       0%         3d3       100%        5
 Starburst                Conj/Fire      0%         6d3       100%        6


Dungeon Overview and Level Annotations

Branches:
Dungeon (6/15) Zot: 24128
 Temple: D:4-7

Altars:
Nemelex Xobeh
Ru
Sif Muna
Vehumet

Shops:
D:4 ?

Annotations:
D:4 1 runed translucent door, Crazy Yiuf, Grinder, Ijyb
D:5 exclusions: iguana and orc priest, Blork the orc, Edmund


Innate Abilities, Weirdness & Mutations

You are immune to poison.
You have sharp fingernails.
Your flesh is cold resistant. (rC+)
You are immune to negative energy. (rN+++)
You do not regenerate when monsters are visible.
You are immune to unholy pain and torment.
You thrive by killing the living.


Message History

The giant cockroach misses you.
Unknown command.
Cleave: a) +9 hand axe "Qaczip" {freeze, Int+3 Stlth+}
Press: ? - help, Dir - move target, f/p - giant cockroach
Aim: a giant cockroach (about 32% to evade the +9 hand axe "Qaczip")
You slash the giant cockroach! You freeze the giant cockroach.
You kill the giant cockroach!
Unknown command.
Cleave: a) +9 hand axe "Qaczip" {freeze, Int+3 Stlth+}
Press: ? - help, Dir - move target, f - you That would be overly suicidal.
Okay, then.
Cleave: a) +9 hand axe "Qaczip" {freeze, Int+3 Stlth+}
Press: ? - help, Dir - move target, f - you That would be overly suicidal.
Okay, then.
Cleave: a) +9 hand axe "Qaczip" {freeze, Int+3 Stlth+}
Press: ? - help, Dir - move target, f - you That would be overly suicidal.
Okay, then.
Cleave: a) +9 hand axe "Qaczip" {freeze, Int+3 Stlth+}
Press: ? - help, Dir - move target, f - you That would be overly suicidal.
Okay, then.
You start waiting.
Done waiting.
Unknown command.
An ogre is nearby!
There is a stone staircase leading up here.
You slash the ogre! You freeze the ogre.
The ogre is heavily wounded.
The ogre hits you with a +0 giant club!!
Ouch! That really hurt!
* * * LOW HITPOINT WARNING * * *
Okay, then.
You slash the ogre! You freeze the ogre.
The ogre is almost dead.
The ogre hits you with a +0 giant club!!
Ouch! That really hurt!
You die...

#.##.######
#.....#
#.....@...#
#......
####...O..###
#...>..
#.^......#
#...{..
#.####...#
#......
#.#......#
####...
#.#......#
#..#
#.#......#
#..#
#.#......# ##
##..#
#.#......##...
...$.
#.'......''..<
...##
###......##..
..... #......#
. g...#.
#...#### #####


You could see an ogre.

Vanquished Creatures
  A scorpion (D:4)
  2 hounds (D:4)
  5 adders
  A river rat (D:4)
  An ufetubus (D:4)
  2 worms
  A dart slug (D:4)
  9 orcs
  5 ball pythons
  3 bats
  8 endoplasms
  9 giant cockroaches
  4 goblins
  7 hobgoblins
  6 jackals
  6 quokkas
  6 frilled lizards
  7 kobolds
  9 rats
92 creatures vanquished.

Notes
Turn   | Place    | Note
-------+----------+-------------------------------------------
     0 | D:1      | FallingFreak the Ghoul Warper began the quest for the Orb.
     0 | D:1      | Reached XP level 1. HP: 17/17 MP: 2/2
    79 | D:1      | Reached skill level 1 in Armour
   198 | D:1      | Reached XP level 2. HP: 21/25 MP: 3/3
   329 | D:1      | Learned a level 2 spell: Blink
   332 | D:1      | Learned a level 2 spell: Lesser Beckoning
   725 | D:1      | Increase (s)trength, (i)ntelligence, or (d)exterity?
   725 | D:1      | Reached XP level 3. HP: 30/30 MP: 5/5
  1525 | D:2      | Reached XP level 4. HP: 36/37 MP: 6/6
  1583 | D:2      | Learned a level 3 spell: Teleport Other
  2536 | D:2      | Noticed a phantom
  2978 | D:3      | A sourceless malevolence fills the Dungeon... and a
                  | teleportation trap spontaneously manifests!
  3309 | D:3      | Found a radiant altar of Vehumet.
  3386 | D:3      | Found a sacrificial altar of Ru.
  3541 | D:3      | Identified the +9 hand axe "Qaczip" {freeze, Int+3 Stlth+}
  3926 | D:4      | Reached XP level 5. HP: 32/45 MP: 7/7
  4012 | D:4      | A sourceless malevolence fills the Dungeon...
  4012 | D:4      | You fall into a shaft and drop 2 floors!
  4018 | D:5      | Entered Level 5 of the Dungeon
  4092 | D:4      | Noticed an ogre
  4217 | D:4      | Found a sparkling altar of Nemelex Xobeh.
  4248 | D:4      | Noticed Grinder
  4440 | D:4      | Found The Oracle's Delphic Readings.
  4472 | D:4      | Reached skill level 1 in Axes
  4521 | D:5      | Found a shimmering blue altar of Sif Muna.
  4574 | D:4      | Noticed Ijyb
  4764 | D:4      | Reached XP level 6. HP: 52/52 MP: 9/9
  4784 | D:4      | Found a runed translucent door.
  4785 | D:4      | Noticed Crazy Yiuf
  5106 | D:5      | Noticed Blork the orc
  5150 | D:5      | Noticed Edmund
  6839 | D:4      | Mangled by an ogre

Illustrated notes

Levels and vault maps discovered:
D:1:      matt_arrival_grand_opening, layout_basic, minivault_11,
          minmay_indecisive_spiral
D:2:      layout_basic, minmay_3d_cube
D:3:      layout_loops_ring, nicolae_overflow_hidden_temple,
          nicolae_vehumet_radiance, nicolae_ru_the_path_less_chosen,
          serial_rivers, chequers_serial_rivers_micro_e,
          chequers_serial_rivers_room_a, chequers_serial_rivers_micro_c,
          chequers_serial_rivers_micro_b
D:4:      layout_basic, lemuel_round_altar, lemuel_tele_altar,
          gup_sewer_entry_bubbles, chequers_serial_rivers_marsh,
          dreamdust_wishing_well, nicolae_nh_oracle_at_delphi, uniq_grinder,
          uniq_crazy_yiuf_cottage, uniq_pikel, uniq_ijyb
D:5:      lemuel_insect_pit, layout_rooms, mainiacjoe_overflow_catwalk,
          mainiacjoe_overflow_surrounded_room, trog_hazing_becter,
          uniq_blork_the_orc, uniq_menkaure, uniq_edmund
D:6:      minmay_clustersquares, layout_basic, kennysheep_mini_moat

Skill      XL: |  1  2  3  4  5 |
---------------+----------------+-----
Armour         | 1 2 |  2.5
Polearms       | 2 |  2.4
Spellcasting   | 2 |  2.9
Translocations | 3 |  3.5
Fighting       | 3 |  3.7
Axes           | 1 |  1.3
Throwing       | |  0.8
Dodging        | |  1.7

Action                     |  1- 3 |  4- 6 || total
---------------------------+-------+-------++-------
  Melee: Spear             |   162 |   140 ||   302
         Hand axe          |       |    85 ||    85
  Throw: Dart              |       |     9 ||     9
    Use: Scroll            |       |     2 ||     2
   Stab: Sleeping          |       |     3 ||     3
 Armour: Leather armour    |    33 |    64 ||    97
  Dodge: Dodged            |    60 |   135 ||   195

Table legend: (Time is in decaauts)
 A = Elapsed time spent in this place.
 B = Non-inter-level travel time spent in this place.
 C = Inter-level travel time spent in this place.
 D = Time resting spent in this place.
 E = Time spent auto-exploring this place.
 F = Levels seen in this place.
 G = Mean time per level.
                   A        B        C        D        E       F      G
               +--------+--------+--------+--------+--------+-----+--------+
         Total |   6888 |   6541 |    347 |   2520 |   2821 |   6 | 1148.0 |
       Dungeon |   6888 |   6541 |    347 |   2520 |   2821 |   6 | 1148.0 |
               +--------+--------+--------+--------+--------+-----+--------+

Top non-repeatable levels by time:
     D:3: 2200 daAuts
     D:1: 1605 daAuts
     D:4: 1380 daAuts
     D:2: 1163 daAuts
     D:5: 533 daAuts
     D:6: 5 daAuts
